 Dungeon Crawl Stone Soup version 0.26-a0-652-gafc20e3620 (webtiles) character file.

Game seed: 692269517202241019

100 Kraken2834 the Chopper (level 4, 0/42 HPs)
             Began as a Deep Dwarf Fighter on Oct 1, 2020.
             Slain by a gnoll
             ... wielding a +0 halberd
              (5 damage)
             ... on level 2 of the Dungeon.
             The game lasted 00:03:26 (592 turns).

Kraken2834 the Chopper (Deep Dwarf Fighter)          Turns: 592, Time: 00:03:27

Health: 0/42       AC:  8    Str: 21      XL:     4   Next: 46%
Magic:  3/3        EV:  7    Int:  6 (8)  God:
Gold:   85         SH: 10    Dex: 11 (12) Spells: 3/3 levels left

rFire    . . .     SeeInvis .   a - +0 war axe
rCold    . . .     Faith    .   c - +1 kite shield
rNeg     . . .     Spirit   .   b - +0 scale mail
rPois    .         Reflect  .   (no helmet)
rElec    .         Harm     .   (no cloak)
rCorr    .         Rampage  .   e - +0 pair of gloves
MR       .....                  (no boots)
Stlth    ..........             (no amulet)
HPRegen  0.00/turn              (no ring)
MPRegen  0.08/turn              (no ring)

@: non-regenerating
A: damage resistance, heal wounds, sense surroundings 1, no regeneration
a: Heal Wounds


You were on level 2 of the Dungeon.
You visited 1 branch of the dungeon, and saw 2 of its levels.

You collected 85 gold pieces.

Inventory:

Hand Weapons
 a - a +0 war axe (weapon)
Armour
 b - a +0 scale mail (worn)
 c - a +1 kite shield (worn)
 e - a +0 pair of gloves (worn)
Scrolls
 d - a scroll of remove curse
 f - 4 scrolls of identify


   Skills:
 + Level 3.4 Fighting
 * Level 4.5 Axes
 - Level 3.2 Armour
 + Level 0.1 Dodging
 - Level 3.2 Shields


You had 3 spell levels left.
You didn't know any spells.
Your spell library was empty.

Dungeon Overview and Level Annotations

Branches:
Dungeon (2/15)

Altars:
The Shining One


Innate Abilities, Weirdness & Mutations

You are resistant to damage.
You can heal yourself by infusing magical energy.
You passively map a small area around you.
You do not regenerate.


Message History

You kill the gnoll!
You closely miss the rat. You hit the gnoll. You block the rat's attack.
You block the gnoll's attack.
You slash the rat!
You kill the rat!
You barely miss the gnoll. The gnoll barely misses you.
You barely miss the gnoll.
The gnoll is moderately wounded.
The gnoll hits you with a +0 halberd!
* * * LOW HITPOINT WARNING * * *
You closely miss the gnoll.
The gnoll is moderately wounded.
You block the gnoll's attack.
You hit the gnoll.
The gnoll is heavily wounded.
The gnoll barely misses you.
You hit the gnoll.
The gnoll is almost dead.
The gnoll hits you with a +0 halberd!
You die...

, , , ,... * , , ,,,,
#.. ** #+ * #.#######
#. #........, , ,
#.######..######## * *
####>...............+,,
#........##..###...# ,
, *
#........##..###)..#...
#........##....@)......
#........##.####g......
#.....#####.# .......
#...(.# #.# ###...# ,,
#.....# #.# ###
####'######.# * ,
#...)..#.# , ######.#.#
#.#'######


You could see a gnoll.

Vanquished Creatures
  Robin (D:2)
  3 gnolls (D:2)
  An adder (D:2)
  An ooze (D:1)
  4 dart slugs (D:1)
  3 giant cockroaches (D:1)
  7 goblins
  8 hobgoblins
  3 jackals (D:1)
  2 kobolds (D:1)
  2 bats (D:1)
  A frilled lizard (D:2)
  5 rats
41 creatures vanquished.

Vanquished Creatures (others)
  6 fungi (D:2)
6 creatures vanquished.

Grand Total: 47 creatures vanquished

Notes
Turn   | Place    | Note
-------+----------+-------------------------------------------
     0 | D:1      | Kraken2834 the Deep Dwarf Fighter began the quest for the
                  | Orb.
     0 | D:1      | Reached XP level 1. HP: 20/20 MP: 1/1
    28 | D:1      | Reached XP level 2. HP: 28/28 MP: 2/2
    97 | D:1      | Reached skill level 3 in Axes
   159 | D:1      | Reached XP level 3. HP: 26/34 MP: 3/3
   315 | D:1      | Found a glowing golden altar of the Shining One.
   496 | D:2      | Noticed Robin
   514 | D:2      | Killed Robin
   575 | D:2      | Reached skill level 4 in Axes
   575 | D:2      | Reached XP level 4. HP: 37/42 MP: 4/4
   592 | D:2      | Slain by a gnoll

Illustrated notes

Levels and vault maps discovered:
D:1:      saegor_arrival_simple_a, layout_rooms, tso_metal_star
D:2:      minmay_diamond_boxcup, layout_basic, minmay_gold_behind_fungi,
          uniq_robin, uniq_jessica, uniq_sigmund

Skill      XL: |  1  2  3 |
---------------+----------+-----
Fighting       | 3 |  3.4
Axes           | 3 4 |  4.5
Armour         | |  3.2
Dodging        | |  0.1
Shields        | |  3.2

Action                   |  1- 3 |  4- 6 || total
-------------------------+-------+-------++-------
Melee: War axe           |    80 |    12 ||    92
 Abil: Heal Wounds       |     1 |     1 ||     2
  Use: Scroll            |     5 |       ||     5
       Potion            |     4 |       ||     4
Armor: Scale mail        |    36 |     7 ||    43
Dodge: Dodged            |    15 |    10 ||    25
Block: Kite shield       |    38 |    15 ||    53

Table legend: (Time is in decaauts)
 A = Elapsed time spent in this place.
 B = Non-inter-level travel time spent in this place.
 C = Inter-level travel time spent in this place.
 D = Time resting spent in this place.
 E = Time spent auto-exploring this place.
 F = Levels seen in this place.
 G = Mean time per level.
                   A        B        C        D        E       F      G
               +--------+--------+--------+--------+--------+-----+--------+
         Total |    630 |    596 |     34 |      0 |    350 |   2 |  315.0 |
       Dungeon |    630 |    596 |     34 |      0 |    350 |   2 |  315.0 |
               +--------+--------+--------+--------+--------+-----+--------+

Top non-repeatable levels by time:
     D:1: 495 daAuts
     D:2: 135 daAuts
